AoeStats
← 压根不让我睡觉

MegaRandom

507968987Analyzed
3v3 RM · 13d ago on Sep 20, 2026· 42m 19s· 6 players
Game mode
Random Map
Map size
Normal (6 player)
Population
200
Speed
Normal
Resources
Standard
Victory
Conquest
Starting age
Dark Age
Ending age
Imperial Age
RankedLock teamsTeams togetherTeam positionsShared explorationLock speedFull tech treeHidden civsTurbo modeCheats
Victory
Defeat
🇨🇳 Khmer · China
1022
+13
🇨🇳 Aztecs · China
1010
+14
🇨🇳 Gurjaras · China
1009
+14
🇻🇳 Italians · Vietnam
990
-16
🇧🇷 Britons · Brazil
956
-13
🇨🇳 Huns · China
925
-12
gabrielcg02
11:13 Feudal Age
9:28 Loom
12:30 Double-Bit Axe
18:35 Castle Age
16:57 Horse Collar
18:25 Fletching
19:48 Wheelbarrow
19:44 Crossbowman
22:47 Gold Mining
24:47 Bodkin Arrow
25:17 Bow Saw
28:22 Ballistics
28:22 Hand Cart
29:41 Heavy Plow
29:50 Padded Archer Armor
30:09 Stone Mining
30:58 Leather Archer Armor
36:29 Imperial Age
35:03 Gold Shaft Mining
36:40 Arbalester
37:21 Bracer
38:26 Chemistry
38:08 Yeomen
38:08 Conscription
温州谷志豪
12:09 Feudal Age
15:45 Horse Collar
18:11 Castle Age
17:16 Double-Bit Axe
19:12 Bow Saw
18:58 Gold Mining
20:02 Stone Mining
22:09 Gold Shaft Mining
23:27 Heavy Plow
24:20 Wheelbarrow
24:29 Bloodlines
24:20 Husbandry
25:10 Loom
27:36 Hand Cart
28:35 Town Watch
30:00 Town Patrol
30:31 Forging
32:13 Scale Barding Armor
35:35 Imperial Age
36:48 Iron Casting
36:34 Chain Barding Armor
35:38 Cavalier
longeery
12:35 Feudal Age
16:57 Castle Age
20:16 Loom
这我不是乱杀
12:21 Feudal Age
12:33 Man-at-Arms
13:20 Loom
15:30 Horse Collar
17:42 Double-Bit Axe
20:12 Forging
23:18 Scale Mail Armor
25:37 Castle Age
26:54 Chain Mail Armor
26:06 Eagle Warrior
27:29 Gold Mining
28:55 Wheelbarrow
28:44 Bow Saw
28:49 Squires
29:41 Heavy Plow
31:58 Gold Shaft Mining
33:03 Iron Casting
33:01 Hand Cart
41:06 Imperial Age
42:10 Elite Eagle Warrior
Sanpie
10:28 Feudal Age
11:07 Double-Bit Axe
14:51 Horse Collar
15:59 Loom
20:49 Castle Age
23:25 Heavy Plow
24:14 Bloodlines
30:26 Scale Barding Armor
33:19 Kshatriyas
35:22 Heavy Plow
36:54 Chain Barding Armor
40:55 Imperial Age
41:41 Bow Saw
41:41 Elite Shrivamsha Rider
压根不让我睡觉
10:38 Loom
12:40 Feudal Age
17:43 Castle Age
16:18 Double-Bit Axe
16:38 Horse Collar
17:32 Stone Mining
18:36 Bow Saw
20:12 Wheelbarrow
21:44 Heavy Plow
26:07 Scale Barding Armor
27:12 Hand Cart
30:36 Chain Barding Armor
30:17 Gold Mining
32:13 Gold Shaft Mining
34:17 Imperial Age
32:18 Bloodlines
32:09 Husbandry
35:31 Crop Rotation
35:08 Siege Engineers
36:16 Chemistry
36:27 Double Crossbow
38:26 Elite Ballista Elephant
40:07 Plate Barding Armor
Connection lost

Rejoining the realm…

Still unreachable

The connection could not be restored.

Session expired

The server has moved on; the page needs a fresh start.